 Dungeon Crawl Stone Soup version 0.29.1-13-g9f3cf754e1 (webtiles) character file.

Game seed: 12989326136291329424

99 otct the Digger (level 4, -5/39 HPs)
             Began as a Troll Earth Elementalist on Jan 21, 2023.
             Slain by an ogre
             ... wielding the +5 dire flail "Erasewiwox" {vorpal, Fly Str-2 Int+2 Dex+3}
              (20 damage)
             ... on level 3 of the Dungeon.
             The game lasted 00:03:34 (2272 turns).

otct the Digger (Troll Earth Elementalist)          Turns: 2272, Time: 00:03:35

Health: -5/39      AC:  4    Str: 16    XL:     4   Next: 45%
Magic:  4/4        EV:  9    Int: 13    God:
Gold:   228        SH:  0    Dex: 10    Spells: 4/5 levels left

rFire   . . .      SeeInvis .     - Unarmed
rCold   . . .      Faith    .   (no shield)
rNeg    . . .      Spirit   .   a - +0 robe
rPois   .          Reflect  .   (helmet restricted)
rElec   .          Harm     .   (no cloak)
rCorr   .          Rampage  .   (gloves unavailable)
Will    .....                   (boots unavailable)
Stlth   +.........              (no amulet)
HPRegen 0.93/turn               (no ring)
MPRegen 0.09/turn               (no ring)

@: no status effects
A: large, unfitting armour, claws 3, regeneration 1, shaggy fur 1, tough skin 1
a: no special abilities


You were on level 3 of the Dungeon.
You visited 1 branch of the dungeon, and saw 3 of its levels.

You collected 228 gold pieces.

Inventory:

Armour
 a - a +0 robe (worn)
Jewellery
 i - a ring of protection from fire
Scrolls
 e - a scroll of noise {unknown}
 g - 3 scrolls of enchant armour {unknown}
 h - a scroll of vulnerability {unknown}
 m - 3 scrolls of fear {unknown}
 o - a scroll of poison {unknown}
 p - a scroll of teleportation {unknown}
 q - a scroll of magic mapping {unknown}
 r - a scroll of torment {unknown}
 s - a scroll of identify {unknown}
 t - a scroll of butterflies {unknown}
Potions
 b - 3 potions of magic
 c - 2 potions of curing {unknown}
 d - 2 potions of lignification {unknown}
 f - 3 potions of berserk rage {unknown}
 j - a potion of haste {unknown}
 k - a potion of attraction {unknown}
 l - a potion of brilliance {unknown}
 n - a potion of might {unknown}


   Skills:
 - Level 1.5 Dodging
 - Level 1.0 Stealth
 * Level 3.3 Unarmed Combat
 - Level 1.2 Spellcasting
 - Level 0.6 Transmutations
 + Level 3.5 Earth Magic


You had 4 spell levels left.
You knew the following spells:

 Your Spells              Type           Power      Damage    Failure   Level
a - Sandblast             Erth           18%        2d7       7%          1

Your spell library contained the following spells:

 Spells                   Type           Power      Damage    Failure   Level
 Passwall                 Tmut/Erth      5%         N/A       19%         2
 Poisonous Vapours        Pois/Air       0%         N/A       38%         2
 Static Discharge         Conj/Air       0%         3-3/arc   38%         2
 Stone Arrow              Conj/Erth      10%        3d7       38%         3
 Gell's Gravitas          Tloc           0%         N/A       63%         3
 Lesser Beckoning         Tloc           0%         N/A       63%         3
 Teleport Other           Tloc           0%         N/A       63%         3
 Petrify                  Tmut/Erth      6%         N/A       75%         4
 Corpse Rot               Necr/Pois/Air  0%         N/A       95%         4
 Passage of Golubria      Tloc           0%         N/A       95%         4
 Lightning Bolt           Conj/Air       0%         1d11      100%        5
 Silence                  Hex/Air        0%         N/A       100%        5
 Lehudib's Crystal Spear  Conj/Erth      2%         10d2      100%        8
 Maxwell's Capacitive Co  Air            0%         ∞         100%        8


Dungeon Overview and Level Annotations

Branches:
Dungeon (3/15)

Altars:
Okawaru
Yredelemnul

Annotations:
D:3 1 transporter, Midpoint's ghost, weakling BaTm


Innate Abilities, Weirdness & Mutations

You are too large for most types of armour.
You have claws for hands.
Your natural rate of healing is unusually fast.
You are covered in fur. (AC +1)
You have tough skin. (AC +1)


Message History

There is an open door here.
Found a transporter.
You closely miss the goblin. The goblin hits you with a +0 dagger.
You closely miss the goblin. The goblin closely misses you.
You closely miss the goblin. The goblin closely misses you.
You scratch the goblin.
The goblin is moderately wounded.
The goblin hits you with a +0 dagger.
You claw the goblin!
You kill the goblin!
No target in view!
No target in view!
No target in view!
No target in view!
No target in view!
You see here a +0 dagger.
Found a clear potion and a scroll labelled FAKHLO CATODURA.
The ogre shouts!
Midpoint's ghost turns its malevolent gaze towards you.
Found a transporter.
Midpoint's ghost keens inconsolably.
The ogre shouts!
There is a transporter here.
Midpoint's ghost ripples.
Midpoint's ghost laughs crazily.
There is a transporter here.
Midpoint's ghost whispers, "There is no future for you."
There is a transporter landing site here.
There is a transporter landing site here.
There is a transporter here.
You enter the transporter and appear at another place.
The ogre hits you with a +0 giant club! The ogre attacks as you move away!
The ogre hits you with a +0 giant club!
You see here a scroll labelled FAKHLO CATODURA.
t - a scroll labelled FAKHLO CATODURA Midpoint's ghost hits you.
The ogre attacks as you move away!
The ogre hits you with the +5 dire flail "Erasewiwox" {vorpal, Fly Str-2 Int+2 Dex+3}!!
Ouch! That really hurt!
You die...

#.......'..)......+...........
##...####.........###....###.#
###...# ##>......## #...># #.#
#...#.# ##.....## #.##.# #.#
#.#...######...######..... ..#
#.#####.............####.#####
#.# #.....©.©.....# #.# #.#
##############.# #.#
#.######©...!@.....#.#
#.##...#..##OW.##..#.#
#.#...##.#.O#.#..#.#.#
#...#.##.#O.#.#..#.#.#
###...##..##...##..#..
######...O.©.....#.#
############# #.# #
########.## ##


You could see 3 ogres and Midpoint's ghost.

Vanquished Creatures
  3 adders
  5 dart slugs
  3 ball pythons
  6 bats
  6 endoplasms
  3 giant cockroaches
  7 goblins
  5 hobgoblins
  2 jackals (D:2)
  6 quokkas
  3 frilled lizards
  4 kobolds
  5 rats
58 creatures vanquished.

Notes
Turn   | Place    | Note
-------+----------+-------------------------------------------
     0 | D:1      | otct the Troll Earth Elementalist began the quest for the
                  | Orb.
     0 | D:1      | Reached XP level 1. HP: 16/16 MP: 1/1
    96 | D:1      | Reached skill level 1 in Unarmed Combat
   130 | D:1      | Reached XP level 2. HP: 24/24 MP: 2/2
   520 | D:1      | Reached XP level 3. HP: 31/31 MP: 3/3
  1295 | D:2      | Identified the +1 pair of boots of the Everdark {Int+2}
  1460 | D:2      | Found an iron altar of Okawaru.
  1709 | D:3      | Found a basalt altar of Yredelemnul.
  1737 | D:3      | Reached XP level 4. HP: 39/39 MP: 4/4
  2224 | D:3      | Found a transporter.
  2232 | D:3      | Identified the +5 dire flail "Erasewiwox" {vorpal, Fly
                  | Str-2 Int+2 Dex+3}
  2232 | D:3      | Noticed an ogre
  2233 | D:3      | Noticed Midpoint's ghost (weakling BaTm)
  2233 | D:3      | Noticed an ogre
  2234 | D:3      | Found a transporter.
  2235 | D:3      | Noticed an ogre
  2272 | D:3      | Slain by an ogre

Illustrated notes

Levels and vault maps discovered:
D:1:      elethiomel_arrival_infinity_welcomes_careful_drivers, layout_basic,
          minmay_distorted
D:2:      layout_loops_cross, basic_altar, eino_tiny_chamber
D:3:      layout_loops_corners, kennysheep_ying_yang, gammafunk_ghost_smash,
          kennysheep_pointless_box

Skill      XL: |  1  2  3 |
---------------+----------+-----
Unarmed Combat | 1 2 3 |  3.3
Earth Magic    | 3 |  3.5
Dodging        | |  1.5
Stealth        | |  1.0
Spellcasting   | |  1.2
Transmutations | |  0.6

Action                   |  1- 3 |  4- 6 || total
-------------------------+-------+-------++-------
Melee: Unarmed           |   118 |    35 ||   153
       Punch             |     2 |       ||     2
 Cast: Sandblast         |     5 |       ||     5
 Stab: Sleeping          |     4 |     2 ||     6
Armor: Robe              |    49 |    15 ||    64
Dodge: Dodged            |    44 |    25 ||    69
